 Dungeon Sprint DCSS version 0.29.1-14-g9c671dbff4 (webtiles) character file.

Game seed: 2536505673685944588

7 Groucho the Sneak (level 1, -4/15 HPs)
             Began as a Felid Berserker on Feb 12, 2023.
             Was a Believer of Trog.
             Killed from afar by a white imp (11 damage)
             ... with a puff of frost
             ... in the Dungeon (Sprint VII: "The Pits").
             The game lasted 00:01:03 (360 turns).

Groucho the Sneak (Felid Berserker)                  Turns: 360, Time: 00:01:05

Health: -4/15      AC:  1    Str: 13    XL:     1   Next: 83%
Magic:  2/2        EV: 18    Int:  8    God:    Trog [**....]
Gold:   0          SH:  0    Dex: 15    Spells: 0/0 levels left
                                        Lives:  0   Deaths: 0

rFire   . . .      SeeInvis +     - Unarmed
rCold   . . .      Faith    .   (shield unavailable)
rNeg    . . .      Spirit   .   (body armour unavailable)
rPois   .          Reflect  .   (helmet unavailable)
rElec   .          Harm     .   (cloak unavailable)
rCorr   .          Rampage  .   (gloves unavailable)
Will    ++...      NoTele   +   (boots unavailable)
Stlth   ..........              (no amulet)
HPRegen 1.05/turn               (no ring)
MPRegen 0.08/turn               (no ring)

@: berserking, strong-willed, regenerating, very quick
A: very small, claws 1, fangs 3, see invisible, speed 1, shaggy fur 1, stealthy
paws, no weapons or thrown items, no armour, multi-lived
a: Renounce Religion, Berserk, Trog's Hand


You were in the Dungeon.
You worshipped Trog.
Trog was pleased with you.
You visited 1 branch

Inventory:

Scrolls
 f - a scroll of blinking
 h - a scroll of summoning
Potions
 a - a potion of curing
 b - a potion of heal wounds
 c - a potion of haste
 d - 4 potions of magic
 e - 3 potions of berserk rage
 g - 2 potions of invisibility


   Skills:
 - Level 3.0 Fighting
 - Level 4.0 Dodging
 + Level 5.3 Stealth
 - Level 3.0 Unarmed Combat


You couldn't memorise any spells.
You didn't know any spells.
Your spell library was empty.

Dungeon Overview and Level Annotations

Branches:
Dungeon (1/1)

Altars:
Ashenzari
Cheibriados
Dithmenos
Elyvilon
Fedhas
Gozag
Hepliaklqana
Kikubaaqudgha
Makhleb
Nemelex Xobeh
Okawaru
Qazlal
Ru
Sif Muna
Trog
Uskayaw
Vehumet
Wu Jian
Xom
Yredelemnul
Zin
The Shining One
Jiyva
Lugonu


Innate Abilities, Weirdness & Mutations

You have sharp claws.
You have razor-sharp teeth.
You have supernaturally acute eyesight. (SInv)
You cover ground quickly. (Speed+)
You are covered in fur. (AC +1)
Your paws help you pounce on unaware monsters.
You are incapable of wielding weapons or throwing items.
You cannot wear armour.
You gain extra lives every three experience levels.


Message History

Unknown command.
Unknown command.
Unknown command.
An endoplasm, a white imp and a river rat come into view.
There is an open door here.
There is an open door here.
There is an open door here.
Things that are here:
a giant cockroach corpse; a bat skeleton
There is an open door here.
You closely miss the river rat. The river rat misses you.
You closely miss the river rat. The river rat bites you.
Ouch! That really hurt!
You are too injured to fight recklessly!
You are too injured to fight recklessly!
You are too injured to fight recklessly!
You are too injured to fight recklessly!
You are too injured to fight recklessly!
You are too injured to fight recklessly!
You scratch the river rat but do no damage.
Your bite misses the river rat. The river rat barely misses you.
Unknown command.
You completely miss the river rat. The river rat bites you.
* * * LOW HITPOINT WARNING * * *
Unknown command.
Okay, then.
Your skin crawls.
You feel strong-willed.
The river rat bites you but does no damage.
A red film seems to cover your vision as you go berserk!
You feel yourself moving faster!
You feel mighty! The river rat misses you.
You barely miss the river rat. You claw the river rat!
The river rat is almost dead.
You scratch the river rat.
You kill the river rat!
Trog accepts your kill. The white imp gestures at you.
The puff of frost hits you!
Ouch! That really hurt!
You die...

############
#_________.#
#_________.#
#_______...###########++
##########'##...........
#.?(.')))'.##......#..#
##########.##..........
#......r5†@.'÷..........
#+#####'#####......#..#.
#.....# #...........
#...r.# ####'#####+
###'### #.......#
#...†.# #.......#
#.....# #.......#
####'##+###...<...#
#Jr.5....##.......#


You could see a white imp and a rat.

Vanquished Creatures
  A river rat (D)
  2 bats (D)
  A bat zombie (D)
  A giant cockroach (D)
  A quokka (D)
6 creatures vanquished.

Notes
Turn   | Place    | Note
-------+----------+-------------------------------------------
     0 | D        | Groucho the Felid Berserker began the quest for the Orb.
     0 | D        | Reached XP level 1. HP: 10/10 MP: 2/2
    15 | D        | Reached skill level 2 in Stealth
    45 | D        | Found a bloodstained altar of Trog.
    45 | D        | Found a shimmering blue altar of Sif Muna.
    45 | D        | Found a viscous altar of Jiyva.
    45 | D        | Found a hazy altar of Hepliaklqana.
    45 | D        | Found an opulent altar of Gozag.
    46 | D        | Found a glowing golden altar of the Shining One.
    46 | D        | Found a glowing silver altar of Zin.
    46 | D        | Found a basalt altar of Yredelemnul.
    46 | D        | Found a shimmering altar of Xom.
    46 | D        | Found an ornate altar of the Wu Jian Council.
    46 | D        | Found a sacrificial altar of Ru.
    46 | D        | Found a stormy altar of Qazlal.
    46 | D        | Found an iron altar of Okawaru.
    46 | D        | Found a sparkling altar of Nemelex Xobeh.
    46 | D        | Found a burning altar of Makhleb.
    46 | D        | Found a blossoming altar of Fedhas.
    46 | D        | Found a white marble altar of Elyvilon.
    46 | D        | Found a shadowy altar of Dithmenos.
    46 | D        | Found a snail-covered altar of Cheibriados.
    48 | D        | Found a radiant altar of Vehumet.
    48 | D        | Found a corrupted altar of Lugonu.
    49 | D        | Found a hide-covered altar of Uskayaw.
    49 | D        | Found an ancient bone altar of Kikubaaqudgha.
    49 | D        | Found a broken altar of Ashenzari.
    71 | D        | Reached skill level 3 in Stealth
    81 | D        | Reached ** piety under Trog
    82 | D        | Reached skill level 4 in Stealth
   310 | D        | Reached skill level 5 in Stealth
   360 | D        | Killed from afar by a white imp

Illustrated notes

Levels and vault maps discovered:
D:        pitsprint [storerooms_1, entrance_room_1, metal_vault_4, armoury_2,
          mini_pit_1, grid_room_1, main_hall_1, silver_pit, the_coven_3,
          the_vestibule_1, steel_vault_3, golden_pit, hallway_of_sentries,
          crystal_vault_4, iron_vault_4, final_vault]

Skill      XL: |  1 |
---------------+----+-----
Stealth        | 5 |  5.3
Fighting       | |  3.0
Dodging        | |  4.0
Unarmed Combat | |  3.0

Action                   || total
-------------------------++-------
Melee: Unarmed           ||    26
       Punch             ||     1
Invok: Berserk           ||     1
       Trog's Hand       ||     1
 Stab: Sleeping          ||     1
Armor: Skin              ||     6
Dodge: Dodged            ||    35
